Map: Automaton LE

Players

CammyGreen

  • Race: Protoss Protoss
  • League: Master
  • Spawn Location: 3:00

Bundaberg - Winner!

  • Race: Zerg Zerg
  • League: Master
  • Spawn Location: 9:00

VOD

Have the link to the VOD?

Description

Time

  • Played on: Feb. 3, 2019, 5:36 a.m.
  • Length: 13:10
Show
View Real Time Build Order
Export as new Build Order

CammyGreen Protoss 

Build Orders: 1 Gate Expand, Oracle Opening, Phoenix Opening, Archon Immortal, Archon Drop 

Get SALT Encoding   

  12  0:01  Probe  
  13  0:13  Probe  
  14  0:20  Pylon  
  14  0:25  Probe  
  15  0:34  Probe  
  15  0:41  Gateway  
  15  0:42  Probe  
  17  0:50  Assimilator  
  17  0:52  Probe  
  18  1:00  Probe  
  18  1:09  Probe  
  20  1:33  Nexus  
  20  1:43  Cybernetics Core, Probe  
  21  1:48  Assimilator  
  21  1:55  Probe  
  21  1:57  Pylon  
  22  2:07  Probe  
  23  2:13  Adept  
  23  2:19  Stargate, Probe  
  26  2:32  Probe  
  26  2:33  Stalker  
  29  2:44  Probe  
  29  2:45  Probe  
  29  2:47  Warp Gate  
  31  2:57  Probe  
  31  2:58  Probe  
  33  3:00  Oracle  
  33  3:09  Probe  
  33  3:10  Probe  
  38  3:21  Probe  
  38  3:22  Probe  
  40  3:33  Probe  
  41  3:34  Probe  
  41  3:37  Robotics Facility  
  42  3:41  Assimilator  
  42  3:45  Probe, Assimilator  
  42  3:46  Probe, Phoenix  
  44  3:52  Pylon  
  46  4:10  Probe x2  
  48  4:20  Probe  
  48  4:22  Probe  
  48  4:23  Twilight Council  
  50  4:26  Gateway  
  50  4:27  Gateway  
  50  4:28  Probe  
  50  4:29  Gateway  
  50  4:34  Probe  
  52  4:44  Probe  
  53  4:46  Probe  
  54  4:58  Pylon  
  54  5:02  Nexus  
  54  5:03  Pylon  
  54  5:06  Warp Prism  
  54  5:10  Pylon  
  54  5:16  Probe x2  
  58  5:22  Templar Archives  
  58  5:28  Probe x2  
  60  5:34  Forge  
  60  5:36  Pylon  
  60  5:37  Gateway  
  60  5:40  Probe x2  
  60  5:42  Observer  
  63  5:52  Probe x2  
  64  5:59  High Templar x4  
  64  6:04  Probe x2, Archon x2  
  70  6:11  Pylon, Protoss Ground Weapons Level 1  
  72  6:12  Pylon, Probe x3  
  75  6:20  Probe x3  
  78  6:26  Immortal  
  78  6:29  Probe  
  78  6:32  Zealot x4  
  89  6:44  Probe  
  67  6:54  Zealot x3  
  67  6:55  Zealot, Sentry  
  67  6:58  Probe  
  76  7:02  Probe  
  76  7:05  Immortal, Probe  
  82  7:10  Probe x2  
  84  7:17  Probe  
  84  7:18  Psionic Storm  
  84  7:22  Probe  
  86  7:24  Probe, Zealot  
  86  7:29  Probe  
  90  7:32  Probe  
  90  7:34  Probe  
  92  7:41  Probe  
  92  7:42  Immortal, Sentry x3  
  99  7:46  Probe  
  99  7:48  Probe  
  99  7:49  Pylon  
  99  7:50  Pylon  
  105  7:52  Pylon  
  105  7:53  Probe  
  105  7:57  Protoss Ground Weapons Level 2  
  106  8:00  High Templar x2  
  110  8:06  Zealot  
  110  8:08  Probe  
  110  8:09  Immortal  
  110  8:11  Probe x2  
  110  8:12  Assimilator  
  115  8:16  Assimilator  
  115  8:19  Pylon  
  115  8:20  Probe  
  115  8:23  High Templar, Probe  
  115  8:24  High Templar, Probe  
  126  8:31  Gateway  
  126  8:32  Probe, Gateway  
  127  8:42  Immortal  
  127  8:48  Pylon  
  127  8:49  Pylon  
  127  8:51  Gateway  
  131  9:06  Archon  
  131  9:09  Immortal  
  129  9:23  High Templar x4  
  141  9:25  Zealot  
  141  9:31  Nexus  
  143  9:36  Immortal  
  142  9:47  High Templar x2  
  147  9:54  Zealot x2  
  147  9:55  Zealot x2  
  147  9:56  Zealot x2  
  159  10:11  Immortal  
  157  10:16  Charge  
  149  10:22  Archon  
  149  10:25  Zealot  
  149  10:26  Zealot x3  
  149  10:28  Zealot x3  
  144  10:30  Zealot  
  144  10:31  Protoss Ground Weapons Level 3  
  122  10:50  Archon  
  122  10:57  High Templar x3  
  122  10:58  High Templar  
  122  11:00  Immortal  
  122  11:02  Probe x3  
  133  11:07  Zealot x4  
  145  11:14  Pylon  
  145  11:15  Pylon  
  145  11:19  Assimilator  
  145  11:23  Assimilator  
  142  11:28  Zealot x4  
  142  11:31  Immortal, Zealot x4  
  149  11:56  High Templar x4  
  149  11:57  Zealot x4  
  162  12:06  Archon x2  
  162  12:09  Observer  
  163  12:29  Zealot  
  165  12:40  Observer, Archon  
  165  12:41  Archon  
  146  12:48  Zealot x3  
  146  12:49  Zealot x3  
Show
View Real Time Build Order
Export as new Build Order

Bundaberg Zerg - Winner!

Build Orders: Hatch First, Lurkers 

Get SALT Encoding   

  12  0:01  Drone  
  13  0:12  Overlord  
  13  0:18  Drone  
  14  0:31  Drone x2  
  16  0:52  Hatchery  
  16  0:54  Drone  
  16  0:56  Drone  
  17  1:00  Drone  
  18  1:11  Extractor  
  17  1:19  Spawning Pool  
  17  1:21  Drone  
  17  1:24  Drone  
  18  1:29  Drone  
  19  1:43  Drone  
  20  2:03  Drone  
  20  2:08  Queen  
  23  2:09  Hatchery  
  22  2:16  Queen  
  22  2:22  Metabolic Boost  
  24  2:27  Zergling x2  
  24  2:29  Zergling x2  
  26  2:33  Zergling x2  
  27  2:39  Overlord  
  27  2:48  Drone  
  28  2:59  Queen x2  
  28  3:04  Drone x2  
  35  3:12  Drone  
  35  3:13  Drone  
  35  3:25  Spore Crawler  
  33  3:33  Overlord  
  33  3:34  Drone  
  34  3:47  Overlord x2  
  34  3:59  Drone x4  
  34  4:00  Drone x4  
  42  4:13  Spore Crawler  
  42  4:16  Drone x6  
  47  4:20  Overlord  
  47  4:26  Lair  
  47  4:29  Drone  
  44  4:42  Drone  
  44  4:43  Drone x6  
  51  4:54  Drone  
  51  4:55  Drone x3, Roach Warren  
  51  4:57  Extractor  
  53  5:00  Extractor  
  53  5:01  Drone x2  
  53  5:02  Drone  
  54  5:09  Drone x3  
  57  5:16  Queen  
  57  5:17  Overlord  
  57  5:18  Overlord  
  59  5:26  Drone  
  59  5:27  Drone x5  
  65  5:32  Overlord x2  
  65  5:42  Hydralisk Den  
  65  5:43  Drone x2  
  65  5:44  Evolution Chamber  
  65  5:45  Drone  
  65  5:46  Drone, Evolution Chamber  
  66  5:54  Roach x4  
  74  6:08  Roach x2  
  74  6:09  Roach x5  
  88  6:12  Zerg Melee Weapons Level 1  
  88  6:27  Zerg Missile Weapons Level 1  
  88  6:28  Overseer  
  88  6:33  Overlord x4  
  81  6:56  Drone x6  
  81  6:57  Drone x8  
  81  7:00  Grooved Spines  
  94  7:03  Baneling Nest  
  94  7:05  Hatchery  
  92  7:18  Hatchery  
  91  7:22  Extractor, Queen  
  91  7:24  Overlord x3, Extractor  
  91  7:32  Queen  
  91  7:35  Hydralisk  
  91  7:36  Hydralisk x8  
  111  7:41  Overlord  
  111  7:44  Drone x2  
  113  7:46  Queen  
  115  7:58  Centrifical Hooks  
  115  7:59  Zergling x2  
  115  8:00  Zergling x16  
  124  8:11  Muscular Augments  
  124  8:14  Overlord x2  
  124  8:15  Overlord x2  
  124  8:17  Drone  
  124  8:18  Drone x3  
  128  8:22  Zerg Melee Weapons Level 2  
  128  8:27  Hydralisk, Lurker Den  
  128  8:28  Hydralisk  
  128  8:32  Drone x3  
  134  8:34  Extractor  
  134  8:37  Queen  
  135  8:46  Hydralisk  
  135  8:47  Hydralisk x4  
  141  9:01  Drone  
  141  9:02  Drone x9  
  141  9:18  Drone x6  
  141  9:23  Spore Crawler  
  146  9:29  Zergling x2  
  146  9:30  Zergling x6  
  150  9:36  Zergling x26  
  150  9:37  Zergling x4  
  164  9:40  Baneling  
  164  9:41  Baneling x15  
  164  9:43  Zergling x4  
  166  9:55  Zergling x16  
  174  10:02  Zergling x18  
  164  10:23  Zergling x2  
  164  10:24  Zergling x24  
  169  10:32  Zergling x2  
  169  10:33  Zergling x26  
  160  10:51  Zergling x2  
  160  10:52  Zergling x20  
  167  11:04  Baneling  
  167  11:05  Baneling x8  
  167  11:06  Lurker  
  167  11:07  Lurker x11  
  179  11:11  Zergling x2  
  179  11:12  Zergling x16  
  179  11:38  Hydralisk x6  
  179  11:39  Hydralisk x3  
  181  11:50  Hatchery  
  180  11:55  Spawning Pool  
  180  11:57  Drone  
  180  11:58  Drone x6  
  186  12:04  Hydralisk  
  186  12:05  Hydralisk x4  
  190  12:41  Overseer  
  190  12:42  Overseer x4  
  177  12:45  Zergling x30  
  177  12:46  Zergling x4  
Tags
 
Add a new tag
Caveats
  • Supply blocks, unpowered buildings, or Contaminate may cause inaccurate times.
  • Supply counts are checked every 10 seconds.